AoeStats
← 太阳当空照

Arena

510232890Analyzed
3v3 RM · 4d ago on Sep 30, 2026· 46m 0s· 6 players
Game mode
Random Map
Map size
Normal (6 player)
Population
200
Speed
Normal
Resources
Standard
Victory
Conquest
Starting age
Dark Age
Ending age
Imperial Age
RankedLock teamsTeams togetherTeam positionsShared explorationLock speedFull tech treeHidden civsTurbo modeCheats
Victory
Defeat
🇨🇴 Malay · Colombia
1384
+11
🇦🇺 Armenians · Australia
1325
+14
🇺🇸 Muisca · United States
1302
+14
🇨🇳 Franks · China
1319
-15
🇨🇳 Spanish · China
1297
-14
🇨🇳 Spanish · China
1204
-10
Texas Mil
10:34 Feudal Age
11:04 Feudal Age
15:16 Castle Age
13:57 Horse Collar
15:03 Double-Bit Axe
19:02 Bow Saw
18:42 Gold Mining
22:33 Wheelbarrow
22:33 Forging
23:40 Stone Mining
25:53 Loom
26:23 Hand Cart
27:14 Town Watch
30:14 Imperial Age
28:44 Scale Mail Armor
29:19 Iron Casting
30:10 Fletching
30:36 Chain Mail Armor
31:09 Squires
30:54 Gambesons
30:55 Arson
30:31 Pikeman
31:34 Conscription
31:22 Fereters
31:34 Crossbowman
32:24 Halberdier
34:32 Chemistry
33:53 Ballistics
34:36 Plate Mail Armor
35:06 Blast Furnace
35:19 Bodkin Arrow
36:24 Blast Furnace
36:28 Arbalester
37:33 Bracer
37:33 Padded Archer Armor
37:42 Man-at-Arms
38:42 Treadmill Crane
39:12 Masonry
39:20 Long Swordsman
40:29 Two-Handed Swordsman
41:28 Leather Archer Armor
41:09 Champion
43:54 Ring Archer Armor
genghis bong
6:46 Loom
9:00 Feudal Age
10:10 Double-Bit Axe
10:57 Horse Collar
11:11 Fletching
14:16 Wheelbarrow
16:11 Stone Mining
17:16 Gold Mining
18:43 Town Watch
21:12 Castle Age
19:34 Gold Mining
20:41 Champi Runner
22:28 Bow Saw
22:21 Heavy Plow
21:56 Champi Runner
22:38 Squires
22:55 Town Patrol
28:18 Bodkin Arrow
28:51 Fervor
29:02 Sanctity
28:46 Bodkin Arrow
29:30 Squires
32:28 Stone Shaft Mining
32:31 Gold Shaft Mining
35:31 Imperial Age
33:47 Hand Cart
33:34 Scale Mail Armor
33:50 Pikeman
34:46 Herbalism
34:51 Crossbowman
35:36 Thumb Ring
35:43 Forging
35:49 Chain Mail Armor
36:05 Town Patrol
36:07 Padded Archer Armor
35:34 Arbalester
36:20 Bracer
36:35 Redemption
36:41 Block Printing
37:07 Huaracas
37:23 Conscription
37:41 Hoardings
38:31 Iron Casting
38:27 Plate Mail Armor
38:07 Elite Temple Guard
41:01 Chemistry
40:37 Leather Archer Armor
41:04 Ballistics
40:09 Capped Ram
43:05 Huaracas
44:29 Ballistics
45:36 Siege Engineers
Jack_el_Guapo
11:56 Feudal Age
12:38 Feudal Age
15:44 Castle Age
13:35 Double-Bit Axe
13:32 Horse Collar
16:51 Fletching
16:49 Town Watch
17:45 Loom
20:33 Wheelbarrow
21:42 Bodkin Arrow
26:43 Imperial Age
25:19 Gold Mining
26:05 Bow Saw
29:59 Hand Cart
31:33 Conscription
31:29 Heavy Plow
32:25 Town Patrol
32:48 Squires
32:34 Arson
32:51 Padded Archer Armor
33:40 Forging
35:10 Iron Casting
35:44 Crop Rotation
35:28 Elite Karambit Warrior
37:31 Blast Furnace
37:00 Sappers
38:12 Capped Ram
39:56 Chemistry
39:08 Masonry
41:02 Gold Shaft Mining
40:17 Stone Mining
41:31 Forced Levy
44:04 Siege Engineers
44:20 Ballistics
43:40 Treadmill Crane
43:56 Murder Holes
43:52 Pikeman
43:53 Man-at-Arms
44:30 Long Swordsman
45:04 Pikeman
45:05 Two-Handed Swordsman
45:52 Halberdier
小虾米
10:35 Feudal Age
15:08 Castle Age
13:47 Double-Bit Axe
13:45 Horse Collar
14:27 Loom
15:15 Padded Archer Armor
25:31 Leather Archer Armor
31:16 Fortified Wall
32:13 Bow Saw
47:36 Imperial Age
太阳当空照
11:02 Feudal Age
14:43 Castle Age
12:54 Double-Bit Axe
13:15 Horse Collar
17:25 Loom
18:57 Wheelbarrow
18:08 Loom
18:20 Loom
20:23 Bow Saw
21:49 Heavy Plow
28:24 Imperial Age
27:37 Gold Mining
27:57 Scale Barding Armor
28:02 Forging
28:09 Husbandry
28:25 Bloodlines
28:29 Cavalier
29:28 Forging
29:39 Chain Barding Armor
31:15 Paladin
33:31 Plate Barding Armor
34:00 Iron Casting
34:28 Chemistry
35:48 Ballistics
38:29 Blast Furnace
37:30 Padded Archer Armor
646257513
10:16 Loom
12:13 Feudal Age
24:07 Castle Age
22:36 Town Watch
22:41 Double-Bit Axe
24:05 Scale Barding Armor
24:11 Forging
26:09 Town Patrol
34:50 Imperial Age
33:23 Wheelbarrow
34:35 Iron Casting
34:40 Hand Cart
35:17 Padded Archer Armor
35:08 Fletching
35:58 Conscription
34:59 Elite Throwing Axeman
35:34 Cranequins
36:25 Gold Mining
38:38 Chemistry
37:17 Ordonnance Companies
38:48 Ballistics
39:08 Leather Archer Armor
38:49 Bodkin Arrow
38:38 Elite Skirmisher
42:12 Husbandry
Connection lost

Rejoining the realm…

Still unreachable

The connection could not be restored.

Session expired

The server has moved on; the page needs a fresh start.